Map: Traitor's Exile

Players

MonstroTown - Winner!

  • Race: Terran Terran
  • Spawn Location: 9:00

Michael - Winner!

  • Race: Zerg Zerg
  • League: Gold
  • Spawn Location: 12:00

MightyWut

  • Race: Zerg Zerg
  • League: Gold
  • Spawn Location: 6:00

Freethinker

  • Race: Protoss Protoss
  • League: Platinum
  • Spawn Location: 5:00

VOD

Have the link to the VOD?

Description

Time

  • Played on: Oct. 6, 2018, 4:46 p.m.
  • Length: 12:35
Show
View Real Time Build Order
Export as new Build Order

MonstroTown Terran - Winner!

Build Orders: MMM Bio 

Get SALT Encoding   

  12  0:01  SCV  
  13  0:13  SCV  
  14  0:18  Supply Depot  
  14  0:25  SCV  
  15  0:40  SCV  
  15  0:41  Barracks  
  16  0:58  SCV  
  16  1:01  Refinery  
  17  1:10  SCV, Barracks  
  18  1:22  SCV  
  19  1:30  Marine  
  21  1:42  Orbital Command  
  20  2:00  Bunker  
  22  2:06  Reaper x2  
  21  2:21  Supply Depot  
  21  2:33  Command Center  
  21  2:41  Reaper  
  22  2:58  Marine  
  22  3:13  Marine  
  22  3:15  Marine  
  22  3:17  Factory, Barracks  
  24  3:31  Marine  
  25  3:35  Marine  
  26  3:48  Marine  
  26  3:53  Marine  
  28  4:02  SCV  
  28  4:03  Barracks  
  28  4:04  Starport  
  28  4:05  Barracks  
  28  4:06  SCV  
  29  4:15  SCV  
  30  4:28  Marine x2  
  30  4:31  Barracks Tech Lab, Factory Tech Lab  
  32  4:46  Marine x2  
  32  4:49  SCV  
  32  4:50  Orbital Command  
  32  4:52  Siege Tank  
  38  4:58  Refinery  
  38  5:04  Marine x2  
  40  5:07  Barracks Reactor, Marine  
  40  5:11  Supply Depot  
  40  5:12  SCV  
  42  5:21  SCV  
  42  5:25  SCV  
  42  5:28  Marine x2  
  45  5:33  Marine  
  47  5:46  Engineering Bay  
  47  5:50  Engineering Bay  
  47  5:53  Medivac  
  49  6:02  SCV x2  
  51  6:11  Marine x2  
  51  6:14  SCV  
  51  6:18  Supply Depot x2  
  54  6:24  Stimpack  
  54  6:38  Refinery  
  54  6:39  Marine  
  56  6:40  Siege Tank, SCV x2, Marauder, Marine  
  56  6:45  Marine x2  
  65  6:48  Medivac  
  65  6:52  SCV x2  
  65  6:53  Terran Infantry Weapons Level 1  
  69  6:59  Missile Turret  
  69  7:04  SCV  
  70  7:13  Supply Depot  
  70  7:14  Supply Depot  
  70  7:22  Supply Depot  
  70  7:35  SCV x2, Marine x3  
  75  7:41  Marine x2  
  75  7:42  Marine  
  78  7:47  SCV  
  78  7:49  SCV  
  80  8:00  Marauder  
  80  8:01  Marine x3  
  80  8:03  Siege Tank  
  87  8:21  Marauder, Marine x5  
  94  8:28  Engineering Bay  
  91  8:38  Marine  
  91  8:39  Marine x2  
  94  8:44  SCV x2, Supply Depot, Marine x2  
  94  8:46  Supply Depot, Refinery  
  98  8:55  Marine  
  99  8:56  Marine  
  99  8:57  Medivac  
  99  9:00  SCV x2  
  102  9:05  Siege Tank  
  102  9:07  Marine  
  102  9:08  Marine x3  
  106  9:14  Terran Infantry Armor Level 1  
  106  9:16  SCV x2  
  108  9:28  SCV x2  
  108  9:31  Combat Shields  
  110  9:33  Barracks Reactor  
  110  9:39  Missile Turret, Siege Tank, Starport  
  110  9:43  Supply Depot  
  113  9:51  SCV x2  
  115  10:07  Command Center  
  115  10:10  Marine x3  
  115  10:11  Marauder  
  120  10:18  Armory  
  120  10:35  Marine x4  
  121  10:36  Marauder  
  126  10:44  Starport Reactor  
  126  10:59  Supply Depot  
  126  11:18  Marine x5  
  126  11:19  Marauder  
  126  11:25  Marine  
  109  11:40  Marauder  
  96  11:55  Marine x6  
  96  12:01  Marine  
  100  12:12  Marine  
  100  12:13  Marine x5  
  100  12:15  Barracks  
  106  12:17  Barracks  
  106  12:18  Barracks  
  106  12:20  Barracks  
Show
View Real Time Build Order
Export as new Build Order

Michael Zerg - Winner!

Build Orders: Pool First 

Get SALT Encoding   

  12  0:01  Drone  
  13  0:12  Overlord  
  13  0:18  Drone  
  14  0:31  Drone x2  
  14  0:34  Drone  
  17  0:40  Extractor  
  16  0:45  Drone  
  17  0:56  Spawning Pool  
  17  0:57  Drone  
  17  1:07  Drone  
  18  1:27  Hatchery  
  18  1:30  Drone  
  18  1:34  Drone  
  19  1:46  Queen  
  21  1:55  Metabolic Boost  
  21  1:58  Zergling x2  
  22  2:06  Overlord  
  22  2:24  Zergling x6  
  25  2:40  Queen  
  27  2:53  Zergling x8  
  27  3:27  Hatchery  
  23  3:42  Drone x7  
  23  3:43  Drone  
  23  3:44  Queen  
  32  3:58  Drone x2  
  32  4:01  Lair  
  34  4:07  Zergling x2  
  34  4:08  Zergling x2  
  35  4:21  Spine Crawler  
  33  4:25  Spine Crawler  
  33  4:30  Overlord  
  30  4:41  Spore Crawler  
  30  4:42  Spore Crawler  
  28  4:45  Spore Crawler  
  28  4:51  Drone x2  
  29  4:55  Extractor  
  29  4:57  Drone x2  
  30  5:00  Drone  
  30  5:04  Drone  
  32  5:17  Drone x3  
  35  5:26  Spine Crawler  
  35  5:27  Spine Crawler  
  33  5:45  Spore Crawler  
  33  5:49  Hydralisk Den  
  31  5:50  Spire  
  31  5:53  Queen, Spore Crawler  
  31  6:05  Roach Warren  
  31  6:06  Drone  
  31  6:07  Drone  
  31  6:10  Drone  
  33  6:17  Drone x2  
  35  6:19  Drone  
  35  6:22  Drone  
  35  6:24  Drone  
  38  6:27  Drone  
  39  6:37  Drone x3  
  42  6:41  Overlord  
  42  6:46  Overlord  
  42  6:50  Glial Reconstitution  
  42  6:56  Muscular Augments  
  42  7:00  Hydralisk  
  44  7:05  Overlord  
  44  7:10  Overlord  
  44  7:16  Drone x3  
  44  7:19  Drone  
  44  7:21  Drone  
  49  7:30  Roach x2, Evolution Chamber  
  49  7:32  Roach  
  54  7:39  Queen  
  56  7:45  Queen  
  56  7:46  Drone x2  
  56  7:49  Drone x2  
  56  7:51  Drone  
  63  7:59  Zerg Ground Armor Level 1  
  63  8:06  Evolution Chamber  
  63  8:08  Drone x4, Infestation Pit  
  65  8:13  Spore Crawler  
  65  8:14  Spore Crawler  
  65  8:16  Extractor  
  65  8:17  Extractor  
  65  8:18  Drone x2  
  63  8:20  Drone  
  63  8:26  Hydralisk  
  66  8:27  Hydralisk  
  66  8:30  Overlord  
  66  8:33  Overlord  
  68  8:37  Overlord  
  68  8:42  Zerg Missile Weapons Level 1  
  68  8:46  Hive  
  68  8:49  Burrow  
  68  8:52  Drone x2  
  68  8:53  Drone  
  71  9:08  Hydralisk x4  
  79  9:12  Roach x2  
  79  9:15  Overlord x2  
  79  9:16  Overlord  
  83  9:19  Overlord  
  83  9:26  Grooved Spines  
  83  9:28  Overlord x2  
  83  9:34  Drone x3  
  83  9:37  Drone x3  
  83  9:38  Drone  
  90  9:39  Drone  
  90  9:42  Extractor  
  90  9:43  Extractor  
  89  9:54  Hydralisk x5  
  89  9:58  Overlord  
  99  10:07  Hydralisk x3  
  105  10:15  Hydralisk  
  105  10:16  Hydralisk  
  109  10:31  Spine Crawler x2  
  109  10:32  Spine Crawler  
  109  10:34  Spine Crawler x2  
  102  10:37  Drone x3  
  102  10:39  Drone x3  
  102  10:42  Drone x2  
  110  10:43  Drone  
  110  10:44  Drone  
  110  10:46  Drone  
  113  10:54  Hydralisk x3  
  119  11:02  Roach x4  
  127  11:06  Roach  
  127  11:07  Roach  
  127  11:08  Roach  
  133  11:27  Hydralisk x2  
  133  11:28  Hydralisk  
  133  11:52  Roach x6  
  145  12:06  Overlord x5  
Show
View Real Time Build Order
Export as new Build Order

MightyWut Zerg 

Build Orders: Hatch First 

Get SALT Encoding   

  12  0:01  Drone  
  13  0:13  Overlord  
  13  0:18  Drone  
  14  0:32  Drone x2  
  14  0:35  Drone  
  17  1:01  Drone  
  17  1:02  Hatchery  
  17  1:04  Extractor  
  16  1:09  Drone  
  17  1:24  Spawning Pool  
  16  1:25  Drone  
  17  1:36  Drone x2  
  19  2:01  Drone x2  
  21  2:13  Queen, Metabolic Boost  
  23  2:17  Queen  
  24  2:32  Zergling x4  
  24  2:33  Drone x2  
  25  2:57  Zergling x4  
  25  2:58  Zergling x2  
  27  3:04  Drone  
  27  3:05  Drone  
  26  3:10  Roach Warren  
  26  3:12  Zergling x4  
  24  3:27  Drone  
  24  3:28  Drone  
  25  3:37  Zergling x4  
  26  3:42  Zergling x4  
  27  3:58  Overlord  
  27  4:15  Queen  
  29  4:21  Zergling x4  
  28  4:25  Drone x3  
  28  4:26  Zergling x6  
  31  4:37  Spine Crawler  
  30  4:44  Roach  
  32  4:58  Drone x2, Evolution Chamber  
  33  5:00  Baneling Nest  
  33  5:01  Drone x2  
  34  5:09  Overlord  
  32  5:23  Zergling x6  
  34  5:30  Zerg Ground Armor Level 1  
  34  5:32  Drone x3  
  37  5:46  Hatchery  
  37  5:49  Baneling x2  
  36  5:50  Baneling x2  
  36  5:58  Extractor, Drone  
  36  5:59  Roach x2  
  40  6:07  Queen  
  42  6:22  Drone x2  
  42  6:23  Overlord x2  
  44  6:27  Spore Crawler  
  43  6:33  Spore Crawler  
  42  6:41  Lair  
  42  6:43  Drone  
  42  6:44  Drone  
  44  6:56  Roach x3  
  50  7:06  Queen  
  52  7:08  Drone x2  
  54  7:19  Overlord  
  54  7:25  Drone x4  
  58  7:39  Overlord  
  58  7:41  Overlord  
  58  7:43  Spine Crawler  
  57  7:51  Drone x4  
  59  7:55  Hydralisk Den  
  59  7:57  Zerg Missile Weapons Level 1  
  60  7:59  Drone  
  60  8:04  Baneling x2  
  61  8:08  Centrifical Hooks  
  55  8:48  Hydralisk  
  55  8:49  Hydralisk x3  
  55  8:53  Drone x4  
  55  8:54  Drone  
  68  9:08  Drone x2  
  68  9:09  Drone  
  71  9:11  Drone x5  
  71  9:12  Drone  
  71  9:16  Extractor  
  76  9:19  Extractor  
  75  9:28  Drone  
  75  9:29  Drone  
  75  9:30  Hydralisk  
  75  9:31  Zergling x6  
  82  9:42  Queen  
  84  9:46  Drone x3  
  84  9:47  Drone x3  
  84  9:49  Overlord  
  84  9:51  Overseer  
  90  10:12  Hydralisk x3  
  90  10:13  Roach  
  98  10:24  Zergling x2  
  94  10:31  Lurker Den  
  93  10:37  Drone  
  93  10:38  Drone x2  
  93  10:39  Drone  
  97  10:43  Muscular Augments  
  97  10:50  Zergling x2  
  97  10:53  Overlord x3  
  98  10:58  Extractor  
  97  11:05  Spore Crawler x2  
  97  11:06  Spore Crawler  
  97  11:10  Spore Crawler  
  93  11:13  Zergling x6  
  93  11:14  Zergling x4  
  93  11:17  Zergling x6  
  101  11:23  Hydralisk x2  
  101  11:24  Zergling x4, Roach x2  
  111  11:39  Hydralisk  
  88  11:40  Hydralisk x2, Roach x2, Zergling x4  
  85  11:48  Hydralisk x2  
  85  11:49  Roach  
  71  12:14  Zergling x6, Roach x2  
Show
View Real Time Build Order
Export as new Build Order

Freethinker Protoss 

Build Orders:  

Get SALT Encoding   

  12  0:01  Probe  
  13  0:17  Probe, Pylon  
  14  0:25  Probe  
  15  0:37  Probe, Gateway  
  16  0:50  Probe  
  16  0:55  Assimilator  
  17  1:01  Probe  
  18  1:09  Probe  
  18  1:17  Probe  
  19  1:21  Assimilator  
  20  1:26  Cybernetics Core  
  20  1:28  Zealot  
  22  1:39  Probe  
  23  1:48  Pylon  
  23  2:06  Probe  
  24  2:08  Stargate  
  24  2:14  Shield Battery  
  24  2:17  Stalker  
  26  2:25  Warp Gate  
  26  2:35  Assimilator  
  25  2:44  Void Ray  
  29  3:00  Pylon  
  29  3:04  Forge  
  25  3:42  Nexus  
  25  3:46  Stalker  
  27  4:07  Void Ray  
  31  4:24  Probe  
  32  4:42  Protoss Ground Weapons Level 1  
  32  4:50  Robotics Facility, Probe  
  32  4:52  Gateway  
  32  4:58  Probe  
  34  5:08  Probe  
  35  5:18  Stalker  
  35  5:20  Probe  
  38  5:28  Immortal  
  38  5:37  Gateway  
  42  5:47  Pylon  
  42  5:48  Probe  
  43  5:54  Probe  
  44  6:00  Probe  
  45  6:06  Probe  
  45  6:10  Observer  
  47  6:12  Probe  
  47  6:16  Pylon  
  48  6:18  Probe  
  48  6:22  Gateway  
  48  6:23  Probe  
  48  6:25  Twilight Council  
  50  6:28  Sentry  
  50  6:30  Probe  
  50  6:31  Probe  
  53  6:36  Assimilator  
  54  6:40  Probe  
  55  6:51  Probe  
  56  7:01  Charge  
  56  7:03  Probe  
  57  7:09  Nexus  
  57  7:12  Assimilator  
  57  7:15  Probe  
  58  7:16  Zealot  
  58  7:22  Immortal  
  60  7:27  Probe  
  61  7:36  Probe  
  65  7:37  Zealot  
  68  7:44  Probe, Assimilator  
  68  7:45  Protoss Ground Weapons Level 2  
  69  7:53  Probe, Pylon  
  70  8:12  Probe  
  71  8:13  Stalker  
  71  8:15  Stalker x2  
  77  8:21  Pylon  
  77  8:24  Probe, Pylon  
  77  8:31  Resonating Glaives  
  77  8:32  Probe  
  77  8:34  Probe  
  77  8:40  Probe  
  79  8:43  Probe, Pylon  
  79  8:44  Immortal  
  79  8:45  Pylon  
  81  8:50  Probe  
  81  8:51  Probe  
  87  8:59  Robotics Bay  
  87  9:02  Probe x2  
  89  9:10  Fleet Beacon  
  89  9:13  Zealot, Probe  
  89  9:14  Zealot, Probe  
  95  9:21  Probe  
  95  9:30  Probe  
  97  9:39  Adept x4  
  97  9:41  Probe  
  106  9:47  Probe  
  107  9:53  Probe  
  107  9:55  Assimilator  
  107  9:59  Probe  
  109  10:05  Probe  
  110  10:09  Colossus, Mothership  
  111  10:16  Pylon  
  111  10:17  Probe  
  111  10:20  Extended Thermal Lance  
  125  10:34  Probe  
  126  10:39  Pylon  
  126  10:40  Pylon  
  126  10:42  Pylon  
  126  10:43  Pylon  
  126  10:46  Probe  
  127  10:56  Colossus  
  127  10:58  Probe  
  134  11:05  Zealot x2  
  134  11:06  Zealot x2  
  142  11:26  Zealot  
  142  11:27  Zealot x3  
  142  11:30  Gateway  
  142  11:32  Gateway  
  99  11:48  Observer  
  99  11:54  Zealot x4  
  58  12:23  Zealot x2  
  58  12:24  Zealot x2  
Tags
 
Add a new tag
Caveats
  • Supply blocks, unpowered buildings, or Contaminate may cause inaccurate times.
  • Supply counts are checked every 10 seconds.